Map: Prion Terraces

Players

LilDicky - Winner!

  • Race: Terran Terran
  • League: Diamond

Fernandes

  • Race: Zerg Zerg
  • League: Diamond

VOD

http://www.twitch.tv/tumescentpie

Description

Time

  • Played on: Dec. 4, 2015, 1:10 p.m.
  • Length: 11:09
Show
View Real Time Build Order
Export as new Build Order

LilDicky Terran - Winner!

Build Orders: MMM Bio 

Get SALT Encoding   

  12  0:02  SCV  
  13  0:14  SCV  
  14  0:18  Supply Depot  
  14  0:26  SCV  
  15  0:39  SCV  
  15  0:41  Refinery  
  16  0:45  Barracks  
  16  0:51  SCV  
  17  1:04  SCV  
  18  1:16  SCV  
  19  1:28  SCV  
  19  1:32  Barracks Reactor  
  20  1:36  Command Center  
  20  1:45  Orbital Command  
  20  1:52  Supply Depot  
  20  2:09  Barracks  
  20  2:11  Marine x2  
  20  2:14  SCV  
  23  2:23  Barracks  
  23  2:27  SCV  
  24  2:36  Marine x2  
  26  2:39  SCV  
  27  2:51  SCV, Orbital Command  
  27  2:55  Marine  
  27  2:57  Barracks Tech Lab  
  27  2:58  Supply Depot  
  29  3:00  Marine  
  29  3:04  SCV  
  31  3:10  Barracks Tech Lab  
  31  3:14  Factory  
  31  3:16  SCV  
  31  3:19  Stimpack  
  32  3:25  Refinery  
  32  3:26  Marine  
  33  3:28  Marine  
  33  3:33  Combat Shields  
  34  3:40  SCV x2  
  36  3:45  Marine x3  
  36  3:47  Marine  
  40  3:52  SCV  
  41  4:03  Marine x3  
  41  4:05  Marine  
  41  4:06  Starport  
  45  4:10  SCV  
  45  4:16  SCV  
  47  4:18  Factory Reactor  
  47  4:21  Marine  
  47  4:23  Marauder  
  50  4:25  Marine  
  50  4:28  Marauder  
  53  4:35  SCV  
  53  4:38  SCV, Supply Depot  
  55  4:40  Marine  
  55  4:43  Marine  
  55  4:45  Supply Depot, Marauder  
  59  4:58  Medivac  
  61  5:08  Supply Depot  
  61  5:11  Marine, Medivac  
  61  5:12  Marine x3  
  67  5:15  Supply Depot  
  67  5:17  SCV x2  
  69  5:29  Marine  
  69  5:33  Medivac  
  72  5:41  Marauder x2, Marine  
  77  5:44  SCV  
  77  5:45  SCV  
  77  5:47  Marine  
  77  5:48  Command Center  
  80  5:51  Barracks  
  80  5:57  Barracks  
  60  6:10  Marine  
  60  6:11  Marine x3  
  61  6:28  Marine x2  
  61  6:29  Marauder, Marine  
  66  6:37  Marine  
  62  6:44  Marine  
  62  6:46  Marine x2  
  63  6:47  Marauder  
  63  6:51  Engineering Bay, Marauder  
  67  6:55  Marine  
  67  6:59  Barracks x2  
  67  7:00  Barracks  
  68  7:01  Marine  
  68  7:04  Marine x2  
  71  7:09  Marauder  
  71  7:11  SCV  
  71  7:12  Marine x2  
  71  7:13  Supply Depot  
  76  7:17  Missile Turret  
  76  7:22  Planetary Fortress  
  76  7:25  SCV x2, Missile Turret, Marine  
  76  7:26  Marine x2  
  81  7:30  Marine, Marauder x2  
  83  7:37  SCV  
  83  7:43  Marine x2  
  73  7:47  Marine x2  
  73  7:48  Marine x3  
  76  7:51  Medivac  
  76  7:52  SCV, Medivac  
  76  7:53  SCV  
  78  8:01  Marine x3  
  78  8:05  SCV x2, Marine x2  
  84  8:06  Marine x2  
  88  8:13  Marine  
  88  8:15  Refinery  
  88  8:17  SCV x2  
  88  8:19  Marauder, Marine x2  
  95  8:20  Terran Infantry Weapons Level 1  
  95  8:21  Medivac  
  95  8:23  Engineering Bay  
  95  8:30  Missile Turret  
  94  8:39  Marine x4  
  94  8:40  Marine x5  
  103  8:42  SCV  
  103  8:44  SCV  
  105  8:54  Missile Turret  
  104  8:57  Marine  
  104  8:58  Command Center, Marauder  
  104  8:59  Medivac, Marauder  
  104  9:00  Medivac  
  104  9:01  SCV x2  
  115  9:03  SCV  
  116  9:24  Marine  
  82  9:27  Marine  
  82  9:28  Marine  
  82  9:29  Marine x2  
  82  9:30  Widow Mine, Marauder x2  
  92  9:32  Marine  
  93  9:42  Marine  
  93  9:43  Marine  
  93  9:44  Missile Turret  
  93  9:45  Missile Turret x2, Marine x2  
  95  9:46  Missile Turret, Marine  
  95  9:47  Missile Turret, Marine  
  95  9:50  SCV, Marine  
  95  9:51  Marauder x2  
  104  9:54  Armory  
  101  10:00  Marine x2  
  101  10:03  Marine x2  
  105  10:09  Marine  
  105  10:11  Marine x2  
  105  10:12  Marauder  
  110  10:27  Marine x2  
  114  10:28  Marauder  
  114  10:34  Marauder  
  110  10:47  Marine  
  110  10:48  Marine  
Show
View Real Time Build Order
Export as new Build Order

Fernandes Zerg 

Build Orders: Pool First 

Get SALT Encoding   

  12  0:01  Drone  
  13  0:07  Drone  
  14  0:17  Overlord  
  14  0:35  Drone x2  
  16  0:38  Drone  
  17  0:46  Drone  
  18  0:54  Spawning Pool  
  17  1:04  Drone  
  18  1:15  Hatchery  
  17  1:19  Drone  
  17  1:22  Drone  
  19  1:27  Extractor  
  19  1:32  Drone  
  19  1:41  Queen  
  19  1:45  Drone  
  22  1:51  Overlord  
  22  2:13  Hatchery  
  21  2:18  Drone x2, Extractor  
  21  2:21  Queen  
  24  2:30  Queen  
  26  2:41  Drone x3  
  26  2:43  Drone  
  30  2:55  Metabolic Boost  
  30  3:22  Lair  
  30  3:25  Drone  
  30  3:26  Drone x2  
  33  3:40  Zergling x2  
  33  3:41  Overlord x2  
  34  3:48  Baneling Nest  
  34  3:50  Evolution Chamber  
  34  3:54  Evolution Chamber  
  31  4:10  Zergling x2  
  31  4:11  Zergling x14  
  39  4:18  Burrow  
  39  4:19  Hatchery, Drone  
  39  4:22  Drone  
  40  4:24  Drone  
  41  4:53  Spire  
  41  4:54  Zerg Ground Armor Level 1  
  41  4:55  Zerg Melee Weapons Level 1  
  41  4:59  Drone  
  41  5:00  Drone x4  
  41  5:01  Drone  
  46  5:19  Drone x4  
  50  5:22  Extractor  
  50  5:23  Overlord x2  
  50  5:24  Extractor  
  48  5:36  Baneling x5  
  48  5:37  Baneling x3  
  48  5:41  Zergling x12  
  48  5:42  Zergling x2  
  55  5:47  Zergling x6  
  58  5:50  Zergling x4  
  53  6:08  Mutalisk x2  
  55  6:21  Overlord x3  
  53  6:45  Drone x11  
  64  7:00  Mutalisk  
  66  7:01  Drone  
  66  7:02  Drone  
  68  7:11  Baneling  
  68  7:12  Baneling x4  
  68  7:13  Zergling x6  
  68  7:14  Queen  
  73  7:19  Zerg Ground Armor Level 2  
  73  7:27  Zerg Melee Weapons Level 2  
  61  7:48  Mutalisk x2  
  61  7:50  Zergling x18  
  61  7:51  Zergling x2  
  74  7:55  Mutalisk  
  76  8:00  Zergling x2  
  77  8:06  Drone x2  
  79  8:15  Mutalisk x2  
  83  8:22  Extractor  
  83  8:26  Extractor  
  68  8:41  Zergling x4  
  68  8:42  Zergling x20  
  80  8:55  Zergling x6  
  81  9:02  Baneling x7  
  81  9:03  Baneling x14  
  81  9:04  Zergling x2  
  81  9:05  Zergling x4  
  61  9:27  Mutalisk x3  
  61  9:29  Drone  
  68  9:33  Hatchery  
  68  9:37  Drone x2  
  64  10:06  Mutalisk x2  
  66  10:08  Drone x13  
  66  10:12  Extractor x2  
  79  10:16  Baneling x5  
  79  10:17  Zergling x4  
  81  10:32  Hatchery  
  81  10:35  Zergling x2  
  81  10:36  Hatchery  
Tags
 
Add a new tag
Caveats
  • Supply blocks, unpowered buildings, or Contaminate may cause inaccurate times.
  • Supply counts are checked every 10 seconds.